 Dungeon Crawl Stone Soup version 0.22-a0-274-gf8199ec (webtiles) character file.

1078 Amnesiac the Ducker (level 8, -9/61 HPs)
             Began as a Mummy Wizard on Mar 14, 2018.
             Shot with an arrow by a centaur (13 damage)
             ... on level 5 of the Dungeon.
             The game lasted 00:10:00 (5824 turns).

Amnesiac the Ducker (Mummy Wizard)                  Turns: 5824, Time: 00:10:01

Health: -9/61      AC:  3    Str: 10    XL:     8   Next: 8%
Magic:  14/14      EV: 17    Int: 19    God:
Gold:   250        SH:  0    Dex: 11    Spells: 5/16 levels left

rFire    x . .     SeeInvis .   n - +0 halberd
rCold    + . .     Gourm    .   (shield currently unavailable)
rNeg     + + +     Faith    .   a - +0 robe
rPois    ∞         Spirit   .   b - +1 hat
rElec    .         Reflect  .   (no cloak)
rCorr    .         Harm     .   (no gloves)
MR       +....     Rnd*Tele +   (no boots)
Stlth    ++........             (no amulet)
HPRegen  0.20/turn              i - ring of teleportation (curse)
MPRegen  0.14/turn              j - +3 ring of evasion

@: no status effects
A: no food or potions, fire vulnerability, cold resistance 1, negative energy
resistance 3, torment resistance, unbreathing
a: no special abilities


You were on level 5 of the Dungeon.
You were not hungry.

You visited 1 branch of the dungeon, and saw 5 of its levels.

You collected 250 gold pieces.

Inventory:

Hand Weapons
 g - a +0 hunting sling
 n - a +0 halberd (weapon)
Missiles
 d - 31 poisoned needles
 h - 23 stones (quivered)
Armour
 a - a +0 robe (worn)
 b - a +1 hat (worn)
 m - the +4 chain mail "Qaisch" {Slay+2}
   (You found it on level 4 of the Dungeon)

   It affects your accuracy and damage with ranged weapons and melee attacks
   (+2).
Jewellery
 i - a cursed ring of teleportation (left hand)
 j - a +3 ring of evasion (right hand)
 l - the ring of Recut {rPois Dex+4, unknown}
   (You found it on level 4 of the Dungeon)

   [ring of poison resistance]

   It affects your dexterity (+4).
   It protects you from poison.
Scrolls
 c - a scroll of enchant armour {!r}
 f - a scroll of enchant weapon {!r}
 k - 3 scrolls of identify {!r}


   Skills:
 + Level 4.3 Fighting
 * Level 5.7 Dodging
 - Level 1.5 Stealth
 - Level 4.5 Spellcasting
 + Level 3.8 Conjurations
 - Level 0.7 Summonings
 - Level 0.7 Translocations


You had 5 spell levels left.
You knew the following spells:

 Your Spells              Type           Power        Failure   Level  Hunger
a - Magic Dart            Conj           ###.         2%          1    N/A
b - Call Imp              Summ           #.......     14%         2    N/A
e - Mephitic Cloud        Conj/Pois/Air  #.......     24%         3    N/A
s - Conjure Flame         Conj/Fire      ##......     19%         3    N/A
v - Blink                 Tloc           N/A          14%         2    N/A

Dungeon Overview and Level Annotations

Branches:
Dungeon (5/15)
 Temple: D:4-7

Altars:
Dithmenos
Nemelex Xobeh
Yredelemnul
Zin

Shops:
D:4 (


Innate Abilities, Weirdness & Mutations

You do not eat or drink.
Your flesh is vulnerable to fire.
You are immune to poison.
Your flesh is cold resistant. (rC+)
You are immune to negative energy. (rN+++)
You are immune to unholy pain and torment.
You can survive without breathing.


Message History

Press: ? - help, Dir - move target cursor, f/p - ogre
Aim: an ogre, wielding a giant club (noxious fumes, moderately wounded)
You reach to attack!
You hit the ogre.
The ogre is heavily wounded.
The ogre is engulfed in noxious fumes.
The ogre appears confused.
Attack whom?
Press: ? - help, Dir - move target cursor, f/p - ogre
Aim: an ogre, wielding a giant club (heavily wounded, confused)
You catch the helpless ogre completely off-guard!
You hit the ogre.
The ogre is severely wounded.
Attack whom?
Press: ? - help, Dir - move target cursor, f/p - ogre
Aim: an ogre, wielding a giant club (severely wounded, confused)
You puncture the ogre!
The ogre is almost dead.
The ogre misses you.
Attack whom?
Press: ? - help, Dir - move target cursor, f/p - ogre
Aim: an ogre, wielding a giant club (almost dead, confused)
You hit the ogre.
You kill the ogre!
You have reached level 8!
Things that are here:
a giant club; an ogre corpse You start resting.
You start resting.
Your magical contamination has completely faded away.
You start resting.
Magic restored.
You start resting.
Magic restored.
You start resting.
You start resting.
HP restored.
Items here: )) [ ÷ a hand axe; a leather armour; a falchion; an orc skeleton
There is a stone staircase leading down here.
Done exploring.
Done exploring.
You climb downwards.
There is a stone staircase leading up here.
You see here 4 arrows.
An orc is nearby!
An orc is nearby!
The centaur shouts!
You hear a bark!
The centaur wields an uncursed shortbow.
The centaur shoots an arrow.
The arrow hits you!
You see here an arrow.
The centaur shoots an arrow.
The arrow hits you!
* * * LOW HITPOINT WARNING * * *
The centaur shoots an arrow.
The arrow hits you!
* * * LOW HITPOINT WARNING * * *
A worker ant comes into view.
The worker ant twitches its antennae in your direction.
The orc shouts!
You see here 2 arrows.
The centaur shoots an arrow.
The arrow hits you!
* * * LOW HITPOINT WARNING * * *
You see here an arrow.
You are too injured to fight recklessly!
You are too injured to fight recklessly!
The centaur shoots an arrow.
The arrow hits you!
You die...

####....#......... ..###
.................. ..#.
####....##........ .#.#.
#....##........ ....
#....#......... .##..###
####.#.........
.......#### ##<..........
...#......###..(.........
#...<.Z..[...#.@........
####....#.##$...(o......
#....#o......#.......
...................##
.......Z........#####
##..##.##a........
....#..#.#c.......
..............#.... .....
...


You could see a centaur, a worker ant, 2 orcs and an adder zombie.

Vanquished Creatures
  Sigmund (D:2)
  A phantom (D:4)
  An ogre (D:4)
  A centaur (D:4)
  A scorpion (D:4)
  An orc priest (D:3)
  A hound (D:4)
  2 bullfrog skeletons (D:4)
  3 orc wizards
  3 worker ants (D:4)
  A hound skeleton (D:5)
  8 gnolls
  5 adders
  A shadow imp (D:4)
  3 oozes
  2 worms
  A dart slug (D:1)
  2 leopard geckos
  14 orcs
  5 giant cockroaches
  6 goblins
  8 hobgoblins
  4 jackals (D:4)
  4 quokkas
  3 ball pythons
  2 bats (D:1)
  4 frilled lizards
  6 kobolds
  A quokka skeleton (D:4)
  7 rats
102 creatures vanquished.

Vanquished Creatures (collateral kills)
  Menkaure (D:4)
  2 orcs (D:3)
3 creatures vanquished.

Vanquished Creatures (others)
  A worker ant (D:4)
1 creature vanquished.

Grand Total: 106 creatures vanquished

Notes
Turn   | Place    | Note
-------+----------+-------------------------------------------
     0 | D:1      | Amnesiac the Mummy Wizard began the quest for the Orb.
     0 | D:1      | Reached XP level 1. HP: 13/13 MP: 5/5
   162 | D:1      | Reached skill level 1 in Conjurations
   354 | D:1      | Reached XP level 2. HP: 20/20 MP: 2/7
   373 | D:1      | Learned a level 2 spell: Blink
   775 | D:1      | Learned a level 2 spell: Call Imp
   783 | D:1      | Reached skill level 2 in Dodging
   910 | D:1      | Reached XP level 3. HP: 24/25 MP: 0/9
   915 | D:1      | Learned a level 3 spell: Mephitic Cloud
   919 | D:1      | Learned a level 3 spell: Conjure Flame
  1347 | D:2      | Reached skill level 1 in Fighting
  1403 | D:2      | Noticed Sigmund
  2073 | D:3      | Reached XP level 4. HP: 32/32 MP: 7/10
  2256 | D:3      | Found a shadowy altar of Dithmenos.
  2359 | D:3      | Found a glowing silver altar of Zin.
  2360 | D:3      | Found a sparkling altar of Nemelex Xobeh.
  2721 | D:3      | Reached skill level 3 in Dodging
  2788 | D:3      | Reached XP level 5. HP: 33/38 MP: 0/11
  3039 | D:3      | Found a basalt altar of Yredelemnul.
  3428 | D:2      | Killed Sigmund
  3428 | D:2      | Reached XP level 6. HP: 46/46 MP: 10/12
  3491 | D:4      | Found Seahur's Antique Weapon Shoppe.
  3768 | D:4      | Reached skill level 4 in Dodging
  4254 | D:4      | Reached XP level 7. HP: 45/52 MP: 6/13
  4303 | D:4      | Got an ancient lead ring
  4694 | D:4      | Got a polished chain mail
  4823 | D:4      | Identified the +4 chain mail "Qaisch" {Slay+2} (You found it on level 4 of the Dungeon)
  5147 | D:5      | Entered Level 5 of the Dungeon
  5174 | D:4      | Reached skill level 5 in Dodging
  5292 | D:5      | Noticed Menkaure
  5387 | D:4      | Killed Menkaure
  5665 | D:4      | Reached XP level 8. HP: 21/61 MP: 2/14
  5824 | D:5      | Shot with an arrow by a centaur

Vault maps used:
D:1:      minmay_arrival_semitransparent, patterned_corridor
D:2:      first_ration, uniq_sigmund
D:3:      yredelemnul_altar_generic, nicolae_overflow_hidden_temple,
          gammafunk_temple_overflow_pools, nicolae_dithmenos_shadow_blocks
D:4:      serial_shops, shop, kennysheep_generic_room_9
D:5:      serial_shops, shop, uniq_menkaure

Skill      XL: |  1  2  3  4  5  6  7 |
---------------+----------------------+-----
Conjurations   | 1 2 3 |  3.8
Dodging        | 2 3 4 5 |  5.7
Fighting       | 1 2 3 4 |  4.3
Stealth        | |  1.5
Spellcasting   | |  4.5
Summonings     | |  0.7
Translocations | |  0.7

Action                   |  1- 3 |  4- 6 |  7- 9 || total
-------------------------+-------+-------+-------++-------
Melee: Morningstar       |       |    27 |     5 ||    32
       Halberd           |       |       |    60 ||    60
 Fire: Hunting sling     |    51 |   198 |    51 ||   300
 Cast: Magic Dart        |    73 |    27 |     4 ||   104
       Mephitic Cloud    |     2 |     8 |    12 ||    22
       Call Imp          |       |     1 |     4 ||     5
       Conjure Flame     |       |     1 |     1 ||     2
       Blink             |       |       |     1 ||     1
  Use: Scroll            |     5 |     3 |       ||     8
 Stab: Confused          |       |       |     7 ||     7
Armor: Robe              |    10 |    12 |     5 ||    27
Dodge: Dodged            |    45 |   139 |    98 ||   282

Table legend:
 A = Spawn XP
 B = Non-spawn XP
 C = Spawn XP percentage of total XP
 D = Spawn monster count
 E = Non-spawn monster count
 F = Spawn count percentage of total count
 G = Total turns spent on level
                    A         B        C        D         E        F      G
               +---------+---------+-------+---------+---------+-------+---------
         Total |       0 |    1541 |   0.0 |       0 |     106 |   0.0 |  5824
               +---------+---------+-------+---------+---------+-------+---------
           D:1 |       0 |      46 |   0.0 |       0 |      21 |   0.0 |  1283
           D:2 |       0 |     234 |   0.0 |       0 |       9 |   0.0 |   695
           D:3 |       0 |     180 |   0.0 |       0 |      33 |   0.0 |  1513
           D:4 |       0 |    1023 |   0.0 |       0 |      41 |   0.0 |  2261
           D:5 |       0 |      58 |   0.0 |       0 |       2 |   0.0 |    72
               +---------+---------+-------+---------+---------+-------+---------
